 Dungeon Crawl Stone Soup version 0.20-a0-522-g0b37eee (webtiles) character file.

8191 MirrMurr the Spear-Bearer (level 11, -5/66 HPs)
             Began as a Tengu Berserker on Jan 26, 2017.
             Was a High Priest of Trog.
             Slain by a shadow (11 damage)
             ... on level 10 of the Dungeon.
             The game lasted 00:25:45 (9196 turns).

MirrMurr the Spear-Bearer (Tengu Berserker)         Turns: 9196, Time: 00:25:46

Health: -5/66      AC: 18    Str: 21    XL:     11   Next: 27%
Magic:  12/12      EV: 10    Int:  7    God:    Trog [*****.]
Gold:   593        SH:  0    Dex: 14    Spells: 10/10 levels left

rFire    . . .     SeeInvis .   a - +2 spear (pierce)
rCold    . . .     Gourm    .   z - +0 plate armour
rNeg     . . .     Faith    .   (no shield)
rPois    .         Spirit   .   w - +2 hat
rElec    .         Reflect  .   l - +0 cloak
rCorr    +         Harm     .   t - +0 pair of gloves
MR       .....                  (boots unavailable)
Stlth    ..........             (no amulet)
Regen    0.3/turn               (no ring)
                                q - ring of resist corrosion

@: exhausted, very slightly contaminated, slowed, very slow
A: beak, talons 3, able to fly 1
a: Fly, Berserk, Trog's Hand, Brothers in Arms, Burn Spellbooks, Renounce
Religion


You were on level 10 of the Dungeon.
You worshipped Trog.
Trog was extremely pleased with you.
You were not hungry.

You visited 2 branches of the dungeon, and saw 11 of its levels.

You collected 593 gold pieces.

Inventory:

Hand Weapons
 a - a +2 spear of piercing (weapon)
Missiles
 d - 230 stones (quivered)
 p - 80 poisoned needles
Armour
 l - a +0 cloak (worn)
 t - a +0 pair of gloves (worn)
 w - a +2 hat (worn)
 z - a +0 plate armour (worn)
Jewellery
 q - a ring of resist corrosion (left hand)
 s - an uncursed ring of ice
 x - an uncursed amulet of magic regeneration {unknown}
Scrolls
 b - 3 scrolls of enchant armour
 i - 2 scrolls of identify
 j - 6 scrolls of teleportation
 k - 2 scrolls of fog
 u - a scroll of remove curse
 v - 2 scrolls of recharging
Potions
 e - a potion of might
 f - 2 potions of heal wounds
 h - a potion of resistance
 o - 2 potions of curing
 A - a potion of agility
Comestibles
 c - 5 bread rations
 g - a chunk of flesh
 m - 5 royal jellies
 n - 2 meat rations
 r - 4 fruits


   Skills:
 + Level 6.8 Fighting
 * Level 13.4 Polearms
 + Level 8.2 Armour
 * Level 7.9 Dodging
 + Level 2.5 Stealth


You had 10 spell levels left.
You didn't know any spells.

Dungeon Overview and Level Annotations

Branches:
Dungeon (10/15)            Temple (1/1) D:4             Orc (0/2) D:10
   Lair: D:8-11

Altars:
Elyvilon
Fedhas
Gozag
Kikubaaqudgha
Makhleb
Nemelex Xobeh
Okawaru
Qazlal
Ru
Uskayaw
Vehumet

Shops:
D:9 !

Annotations:
D:6 exclusion: statue


Innate Abilities, Weirdness & Mutations

You have a beak for a mouth.
You have claws for feet.
You can fly.


Message History

As you read the scroll of blinking, it crumbles to dust.
Something hits you.
* * * LOW HITPOINT WARNING * * *
The howler monkey skeleton hits you but does no damage.
The howler monkey skeleton barely misses you.
Something hits you.
* * * LOW HITPOINT WARNING * * *
Something hits you but does no damage.
The shadow slips into darkness.
The shadow flickers and vanishes!
A wight comes into view. It is wielding an enchanted dire flail.
The wight barely misses you.
You hit the wight. Your kick misses the wight.
The wight is heavily damaged.
You hit the wight. You claw the wight, but do no damage.
You peck the wight, but do no damage.
The wight is severely damaged.
The wight closely misses you.
The shadow strikes at you from the darkness!
You die...

#.......# #.......# #.......#
#.......#
####################.......#
...............(.T.Z..........
.................Zs...........
#################.###..........
###### #@## #..........
#......# ##z.##..(......
.###...#### .# #.##......##
##.#......# #..# .##......#
...#.#..#.##.... ##......#
##.#.....#.#..# #......#
#.#..#.>.##..# #.<....#
##[.#..#......#. #......#
##.##..#...#.#.. #...>..#


You could see a troll, a scorpion, a wight, an orc zombie and a howler monkey
skeleton.

Vanquished Creatures
  2 two-headed ogres (D:9)
  The ghost of Vesto the Skirmisher, an amateur HOFi (D:6)
  A hornet (D:10)
  3 hippogriffs
  A spriggan (D:7)
  Sigmund (D:3)
  3 hungry ghosts (D:10)
  2 water moccasins
  Duvessa (D:7)
  An ice beast (D:6)
  3 phantoms
  6 orc warriors
  A black bear (D:6)
  2 sky beasts
  5 ogres
  A centaur (D:9)
  The ghost of MirrMurr the Poker, an amateur TeBe of Trog (D:3)
  Blork the orc (D:5)
  3 bullfrogs
  A wyvern zombie (D:6)
  Dowan (D:7)
  8 scorpions
  2 troll zombies (D:10)
  13 killer bees (D:9)
  5 wights (D:8)
  A howler monkey (D:4)
  5 crimson imps
  A bullfrog zombie (D:10)
  9 hounds
  4 orc priests
  5 orc wizards
  A bullfrog skeleton (D:6)
  A centaur skeleton (D:10)
  5 iguanas
  5 worker ants
  4 ogre zombies (D:10)
  A hound zombie (D:10)
  4 gnolls (D:4)
  7 adders
  4 shadow imps
  4 oozes
  An adder zombie (D:9)
  3 adder skeletons
  4 worms
  3 dart slugs
  6 leopard geckos
  25 orcs
  6 giant cockroaches
  10 goblins
  7 hobgoblins
  2 jackals (D:2)
  4 quokkas
  2 ball pythons (D:2)
  9 bats
  6 frilled lizards
  A goblin skeleton (D:10)
  A goblin zombie (D:10)
  A hobgoblin skeleton (D:10)
  3 hobgoblin zombies (D:10)
  2 jackal skeletons (D:4)
  9 kobolds
  3 orc skeletons (D:10)
  9 orc zombies (D:10)
  21 rats
268 creatures vanquished.

Vanquished Creatures (collateral kills)
  A bullfrog (D:8)
  A jelly (D:8)
  2 orc wizards (D:8)
  2 orcs (D:8)
6 creatures vanquished.

Grand Total: 274 creatures vanquished

Notes
Turn   | Place    | Note
-------+----------+-------------------------------------------
     0 | D:1      | MirrMurr the Tengu Berserker began the quest for the Orb.
     0 | D:1      | Reached XP level 1. HP: 14/14 MP: 2/2
    75 | D:1      | Reached XP level 2. HP: 18/19 MP: 3/3
   341 | D:1      | Reached XP level 3. HP: 17/23 MP: 4/4
   456 | D:1      | Reached skill level 4 in Polearms
   681 | D:1      | Reached ** piety under Trog
  1036 | D:2      | Reached XP level 4. HP: 20/28 MP: 5/5
  1501 | D:3      | Noticed MirrMurr's ghost (amateur TeBe)
  1517 | D:3      | Killed MirrMurr's ghost
  1517 | D:3      | Reached skill level 5 in Polearms
  1517 | D:3      | Reached skill level 1 in Stealth
  1517 | D:3      | Gained mutation: You can fly. [Tengu growth]
  1517 | D:3      | Reached XP level 5. HP: 32/32 MP: 6/6
  2119 | D:3      | Noticed Sigmund
  2138 | D:3      | Killed Sigmund
  2138 | D:3      | Reached skill level 6 in Polearms
  2138 | D:3      | Reached XP level 6. HP: 26/37 MP: 7/7
  2502 | D:4      | Found a staircase to the Ecumenical Temple.
  2529 | Temple   | Entered the Ecumenical Temple
  2596 | D:4      | Reached XP level 7. HP: 34/41 MP: 8/8
  3069 | D:4      | Reached skill level 7 in Polearms
  3245 | D:4      | Reached *** piety under Trog
  3444 | D:4      | Reached XP level 8. HP: 36/48 MP: 9/9
  3445 | D:4      | Reached skill level 8 in Polearms
  3710 | D:5      | Entered Level 5 of the Dungeon
  3776 | D:5      | Noticed Blork the orc
  3782 | D:5      | Killed Blork the orc
  4047 | D:5      | Reached skill level 5 in Dodging
  4124 | D:5      | Found a sparkling altar of Nemelex Xobeh.
  4637 | D:6      | Reached skill level 9 in Polearms
  5069 | D:6      | Found a white marble altar of Elyvilon.
  5123 | D:6      | Reached skill level 5 in Armour
  5188 | D:6      | Reached XP level 9. HP: 47/53 MP: 10/10
  5196 | D:6      | Noticed Vesto's ghost (amateur HOFi)
  5534 | D:6      | Killed Vesto's ghost
  5534 | D:6      | Reached skill level 5 in Fighting
  5811 | D:6      | Reached skill level 10 in Polearms
  5859 | D:6      | Found a radiant altar of Vehumet.
  5890 | D:6      | Reached **** piety under Trog
  6254 | D:7      | Noticed Duvessa
  6255 | D:7      | Noticed Dowan
  6373 | D:7      | Killed Duvessa
  6379 | D:7      | Killed Dowan
  7047 | D:8      | Reached skill level 11 in Polearms
  7153 | D:8      | Reached XP level 10. HP: 60/60 MP: 11/11
  7255 | D:8      | Found a blossoming altar of Fedhas.
  7336 | D:8      | Found a sparkling altar of Nemelex Xobeh.
  7465 | D:8      | Found an ancient bone altar of Kikubaaqudgha.
  7596 | D:9      | Found an iron altar of Okawaru.
  7792 | D:9      | Found a burning altar of Makhleb.
  7863 | D:9      | Reached skill level 12 in Polearms
  8026 | D:9      | Noticed a two-headed ogre
  8038 | D:9      | Reached ***** piety under Trog
  8047 | D:9      | Killed a two-headed ogre
  8126 | D:9      | Noticed a two-headed ogre
  8132 | D:9      | Killed a two-headed ogre
  8438 | D:9      | Found an opulent altar of Gozag.
  8576 | D:9      | Reached XP level 11. HP: 66/66 MP: 12/12
  8591 | D:9      | Reached skill level 13 in Polearms
  8661 | D:9      | Found Nezxirch's Distillery.
  8712 | D:10     | Entered Level 10 of the Dungeon
  8882 | D:10     | Found a staircase to the Orcish Mines.
  8893 | D:10     | Received a gift from Trog
  9075 | D:10     | Identified a scroll of acquirement
  9076 | D:10     | Got a scorched cloak
  9087 | D:10     | Identified the -4 cloak of the Lost Lies {rF+ rC+} (You acquired it on level 10 of the Dungeon)
  9196 | D:10     | Slain by a shadow

Vault maps used:
D:1:      erik_arrival_orb_chamber
D:3:      first_bread, serial_bayou_lagoon_a, uniq_sigmund
D:4:      minmay_temple_entry_trees
D:5:      basic_altar, uniq_blork_the_orc
D:6:      nicolae_overflow_hidden_temple, vehumet_statue
D:7:      the_bakery, uniq_duvessa
D:8:      kennysheep_little_box, lemuel_coloured_pillars_altar,
          nemelex_dance_club_becter
D:9:      nicolae_gozag_seed_capital, makhleb_heckhound_becter,
          overflow_temple_1_default, serial_shops, shop, eino_tiny_chamber
D:10:     zombieorc1_lemuel
Temple:   zaba_magenta_temple

Skill      XL: |  1  2  3  4  5  6  7  8  9 10 11 |
---------------+----------------------------------+-----
Polearms       | 4 5 6 7 9 11 12 13 | 13.4
Dodging        | 3 4 5 6 7 |  7.9
Stealth        | 1 2 |  2.5
Armour         | 3 4 5 6 7 8 |  8.2
Fighting       | 4 5 6 |  6.8

Action                   |  1- 3 |  4- 6 |  7- 9 | 10-12 || total
-------------------------+-------+-------+-------+-------++-------
Melee: Spear             |   104 |   131 |   387 |   492 ||  1114
       Kick              |    24 |    31 |   125 |   150 ||   330
       Peck              |    15 |    15 |    75 |    92 ||   197
Invok: Berserk           |     1 |     4 |    10 |     3 ||    18
       Trog's Hand       |     1 |     2 |     1 |     4 ||     8
       Burn Spellbooks   |       |       |     1 |       ||     1
  Use: Scroll            |       |    10 |     9 |     3 ||    22
       Potion            |       |       |       |     1 ||     1
  Eat: Chunk             |     2 |     8 |    15 |    15 ||    40
       Bread ration      |       |       |     2 |       ||     2
Armor: Animal skin       |     3 |       |       |       ||     3
       Ring mail         |    24 |     5 |       |       ||    29
       Chain mail        |       |    44 |    96 |    30 ||   170
       Plate armour      |       |       |       |   119 ||   119
Dodge: Dodged            |    42 |    46 |    98 |   109 ||   295
